 Dungeon Crawl Stone Soup version 0.30.1-11-g7821555f0a (webtiles) character file.

Game seed: 2995803373919396462

1286 PaiMei the Grave Robber (level 8, -6/52 HPs)
             Began as a Demonspawn Necromancer on Jan 4, 2024.
             Mangled by Maggie
             ... wielding a +2 heavy broad axe
              (19 damage)
             ... on level 6 of the Dungeon.
             The game lasted 00:06:36 (6026 turns).

PaiMei the Grave Robber (Demonspawn Necromancer)    Turns: 6026, Time: 00:06:37

Health: -6/52      AC: 13    Str:  9    XL:     8   Next: 30%
Magic:  0/15       EV: 18    Int: 21    God:
Gold:   235        SH:  0    Dex: 13    Spells: 13/17 levels left

rFire   . . .        y - +1 dagger (protect)
rCold   . . .        (no shield)
rNeg    . . .        a - +0 robe
rPois   .            (helmet unavailable)
rElec   .            (no cloak)
rCorr   .            v - +0 pair of gloves
SInv    +            (no boots)
Will    .....        (no amulet)
Stlth   +++          m - ring of Bifyaque {*Corrode +Blink EV+5 Int+2}
HPRegen 0.28/turn    (no ring)
MPRegen 0.14/turn

%: corrode self (3%)
@: under a protective aura, mesmerised
A: antennae 3, icy blue scales 2
a: Evoke Blink


You were on level 6 of the Dungeon.
You visited 1 branch of the dungeon, and saw 6 of its levels.

You collected 235 gold pieces.

Inventory:

Hand Weapons
 e - a +0 falchion
 y - a +1 dagger of protection (weapon)
Missiles
 t - a throwing net
 u - 8 poisoned darts (quivered)
Armour
 a - a +0 robe (worn)
 v - a +0 pair of gloves (worn)
 D - a +0 pair of boots
Jewellery
 m - the ring of Bifyaque (left hand) {*Corrode +Blink EV+5 Int+2}
   (You found it on level 2 of the Dungeon)

   [ring of evasion]

   EV:        It affects your evasion (+5).
   Int:       It affects your intelligence (+2).
   +Blink:    It lets you blink.
   *Corrode:  It may corrode you when you take damage.
Wands
 A - a wand of paralysis (14)
 F - a wand of flame (10)
Scrolls
 c - a scroll of silence {unknown}
 f - a scroll of fog {unknown}
 g - 9 scrolls of identify {unknown}
 h - 2 scrolls of enchant armour {unknown}
 i - 4 scrolls of teleportation {unknown}
 j - 3 scrolls of torment {unknown}
 k - 2 scrolls of noise {unknown}
 o - a scroll of summoning {unknown}
 s - 3 scrolls of brand weapon {unknown}
 w - a scroll of vulnerability {unknown}
 x - a scroll of fear {unknown}
 B - a scroll of magic mapping {unknown}
 C - a scroll of blinking {unknown}
 E - a scroll of immolation {unknown}
Potions
 b - a potion of magic
 d - 2 potions of heal wounds {unknown}
 l - 3 potions of mutation {unknown}
 n - a potion of haste {unknown}
 p - 2 potions of brilliance {unknown}
 q - a potion of berserk rage {unknown}
 r - 3 potions of curing
 z - a potion of might {unknown}


   Skills:
 + Level 4.8 Dodging
 + Level 5.2 Stealth
 + Level 5.0 Spellcasting
 + Level 7.0 Necromancy


You had 13 spell levels left.
You knew the following spells:

 Your Spells              Type           Power      Damage    Failure   Level
a - Necrotise             Necr           100%       1d9       1%          1
b - Vampiric Draining     Necr           35%        2d8       1%          3

Your spell library contained the following spells:

 Spells                   Type           Power      Damage    Failure   Level
 Animate Dead             Necr           35%        N/A       6%          4
 Static Discharge         Conj/Air       10%        2-3/arc   16%         2
 Agony                    Necr           35%        N/A       16%         5
 Simulacrum               Ice/Necr       10%        N/A       98%         6
 Borgnjor's Revivificati  Necr           17%        N/A       100%        8


Dungeon Overview and Level Annotations

Branches:
Dungeon (7/15)             Temple (0/1) D:4

Altars:
Okawaru
Sif Muna

Shops:
D:6 ?

Annotations:
D:6 Maggie, Menkaure


Innate Abilities, Weirdness & Mutations

You have a pair of large antennae on your head. (SInv)
You are mostly covered in icy blue scales. (AC +3)


Message History

You don't have enough magic to cast this spell.
Casting: Vampiric Draining (safe; 1% risk of failure)
Confirm with . or Enter, or press ? or * to list all spells.
You don't have enough magic to cast this spell.
Casting: Vampiric Draining (safe; 1% risk of failure)
Confirm with . or Enter, or press ? or * to list all spells.
You don't have enough magic to cast this spell.
Casting: Vampiric Draining (safe; 1% risk of failure)
Confirm with . or Enter, or press ? or * to list all spells.
You don't have enough magic to cast this spell.
You barely miss Maggie.
Maggie is heavily wounded.
Maggie gestures at you while chanting. The bolt of fire misses you.
You hit Maggie but do no damage.
Your weapon exudes an aura of protection.
Maggie is heavily wounded.
Maggie barely misses you.
You hit Maggie but do no damage.
Maggie is heavily wounded.
Your magical contamination has completely faded away.
Casting: Vampiric Draining (safe; 1% risk of failure)
Confirm with . or Enter, or press ? or * to list all spells.
Aiming: Necrotise (safe; 1% risk of failure)
Press: ? - help, Shift-Dir - straight line, f/p - Maggie
Aim: Maggie, wielding a +2 heavy broad axe and wearing +0 steam dragon scales (heavily wounded, mesmerising, chance to affect: 83%) Maggie barely resists.
Maggie points at you and mumbles some strange words.
The bolt of fire hits you!
You hit Maggie.
Maggie is heavily wounded.
Maggie hits you with a +2 heavy broad axe.
* * * LOW HITPOINT WARNING * * *
Casting: Necrotise (safe; 1% risk of failure)
Confirm with . or Enter, or press ? or * to list all spells.
You don't have enough magic to cast this spell.
You closely miss Maggie.
Maggie is heavily wounded.
Maggie hits you with a +2 heavy broad axe!!
You die...

........... .........#
........#. #........#
#......... .... #.........
.....# #. #.>.......
.....## ... #.........
......##...## ##@...##..
...........<.###@..##
##...#... #....##...# ....
.....#.>#####...#)..## ....
...####....#
#)......####...
.))........###........#...#
.).......#........#.......
...).....##.............##
....)...........#.∩.#....#


You could see Maggie (mesmerising).

Vanquished Creatures
  2 humans (D:7)
  An ice beast (D:7)
  A black bear (D:7)
  An ogre (D:6)
  A centaur (D:6)
  A scorpion (D:4)
  A bullfrog (D:7)
  A hound (D:6)
  4 orc priests (D:6)
  2 gnoll boudas (D:6)
  Terence (D:2)
  An orc wizard (D:6)
  10 adders
  7 gnolls (D:6)
  A white imp (D:6)
  2 ufetubi
  2 worms (D:2)
  A dart slug (D:4)
  9 orcs
  6 bats
  3 endoplasms
  2 goblins
  4 hobgoblins
  5 jackals
  6 kobolds
  A quokka (D:1)
  7 ball pythons
  3 frilled lizards
  3 rats
89 creatures vanquished.

Vanquished Creatures (collateral kills)
  2 gnolls (D:6)
  A jackal (D:1)
3 creatures vanquished.

Vanquished Creatures (others)
  A quokka (D:6)
1 creature vanquished.

Grand Total: 93 creatures vanquished

Notes
Turn   | Place    | Note
-------+----------+-------------------------------------------
     0 | D:1      | PaiMei the Demonspawn Necromancer began the quest for the
                  | Orb.
     0 | D:1      | Reached XP level 1. HP: 13/13 MP: 3/3
   274 | D:1      | Gained mutation: You are partially covered in icy blue
                  | scales. (AC +2) [demonic ancestry]
   274 | D:1      | Reached XP level 2. HP: 19/19 MP: 3/5
   953 | D:2      | Reached XP level 3. HP: 8/24 MP: 0/6
   957 | D:2      | Learned a level 3 spell: Vampiric Draining
  1115 | D:2      | Noticed Terence
  1121 | D:2      | Killed Terence
  1178 | D:2      | Got the Volume of Bones and Haze
  1329 | D:2      | Identified the ring of Bifyaque {*Corrode +Blink EV+5
                  | Int+2}
  1336 | D:2      | Gained mutation: You are mostly covered in icy blue scales.
                  | (AC +3) [demonic ancestry]
  1336 | D:2      | Reached XP level 4. HP: 30/30 MP: 2/8
  1886 | D:2      | Reached skill level 5 in Necromancy
  2653 | D:3      | Reached XP level 5. HP: 34/35 MP: 5/9
  2972 | D:4      | Found a staircase to the Ecumenical Temple.
  3189 | D:4      | You fall into a shaft and drop 3 floors!
  3220 | D:7      | Noticed a black bear
  3221 | D:7      | Found an iron altar of Okawaru.
  3238 | D:7      | Killed a black bear
  3239 | D:7      | Gained mutation: You have a pair of small antennae on your
                  | head. [demonic ancestry]
  3239 | D:7      | Reached XP level 6. HP: 41/41 MP: 0/11
  3358 | D:7      | Noticed an ice beast
  3368 | D:7      | Killed an ice beast
  3642 | D:7      | Found a shimmering blue altar of Sif Muna.
  4005 | D:7      | Noticed a human
  4005 | D:7      | Noticed a human
  4010 | D:7      | Killed a human
  4011 | D:7      | Reached skill level 6 in Necromancy
  4011 | D:7      | Gained mutation: You have a pair of antennae on your head.
                  | [demonic ancestry]
  4011 | D:7      | Reached XP level 7. HP: 46/46 MP: 3/13
  4023 | D:7      | Killed a human
  4628 | D:6      | Noticed Menkaure
  4892 | D:6      | Gained mutation: You have a pair of large antennae on your
                  | head. (SInv) [demonic ancestry]
  4892 | D:6      | Reached XP level 8. HP: 52/52 MP: 3/14
  4952 | D:6      | Found Xesaqoath's Magic Scroll Emporium.
  5143 | D:6      | Reached skill level 5 in Stealth
  5213 | D:6      | Reached skill level 7 in Necromancy
  5354 | D:6      | Reached skill level 5 in Spellcasting
  6012 | D:6      | Noticed Maggie
  6026 | D:6      | Mangled by Maggie

Illustrated notes

Levels and vault maps discovered:
D:1:      psy_arrival_conway, layout_basic, serial_forest,
          infiniplex_forest_clump_double, infiniplex_forest_lined_3,
          infiniplex_forest_straight_1, infiniplex_forest_clump_diagonal,
          infiniplex_forest_clump_tiny, infiniplex_forest_clump_small,
          infiniplex_forest_clump_medium, infiniplex_forest_zigzag_1,
          infiniplex_forest_clump_double
D:2:      layout_basic, kennysheep_generic_room_2, uniq_terence
D:3:      layout_basic
D:4:      layout_cave_pods, minmay_temple_entry_overgrown,
          gammafunk_ghost_nasty_kobolds, portal_sewer_entry_b,
          nicolae_shop_distant_corner_stores, grunt_ministairs_2,
          nicolae_stop_n_shop_2
D:6:      layout_cave_pools, elyvilon_altar_4, serial_shops, nicolae_shop_stone,
          serial_rivers, chequers_serial_rivers_room_a,
          chequers_serial_rivers_small_3, chequers_serial_rivers_small_a,
          chequers_serial_rivers_micro_d, uniq_menkaure, uniq_maggie
D:7:      layout_loops_corners, okawaru_humans, general_overflow_altar,
          serial_undead, serial_undead_c, serial_undead_d, serial_undead_f,
          serial_undead_b, the_hattery

Skill      XL: |  1  2  3  4  5  6  7  8 |
---------------+-------------------------+-----
Stealth        | 2 3 4 5 |  5.2
Dodging        | 2 3 4 |  4.8
Necromancy     | 5 6 7 |  7.0
Spellcasting   | 3 4 5 |  5.0

Action                     |  1- 3 |  4- 6 |  7- 9 || total
---------------------------+-------+-------+-------++-------
  Melee: Falchion          |    17 |     5 |       ||    22
         Dagger            |       |    11 |   119 ||   130
         Punch             |       |       |     1 ||     1
   Cast: Necrotise         |    50 |    69 |    51 ||   170
         Vampiric Draining |       |    11 |    22 ||    33
 Armour: Robe              |    17 |    26 |    43 ||    86
  Dodge: Dodged            |    22 |    36 |   150 ||   208
